Map: World of Sleepers LE

Players

deeto

  • Race: Zerg Zerg
  • League: Silver
  • Spawn Location: 7:00

SoundSilence - Winner!

  • Race: Terran Terran
  • League: Bronze
  • Spawn Location: 1:00

VOD

Have the link to the VOD?

Description

Just a bad standard timing attack

Time

  • Played on: Feb. 15, 2020, 5:52 p.m.
  • Length: 10:05
Show
View Real Time Build Order
Export as new Build Order

deeto Zerg 

Build Orders: Pool First 

Get SALT Encoding   

  12  0:08  Overlord  
  13  0:14  Drone  
  13  0:16  Drone  
  14  0:26  Drone  
  15  0:30  Drone  
  16  0:45  Spawning Pool  
  16  0:46  Drone  
  16  0:56  Drone  
  17  1:03  Extractor  
  16  1:05  Overlord  
  16  1:25  Drone x2  
  18  1:32  Queen  
  20  1:35  Drone  
  21  1:46  Zergling x2  
  22  1:57  Hatchery  
  22  1:59  Overlord  
  21  2:07  Drone  
  22  2:21  Drone  
  23  2:24  Spine Crawler  
  23  2:28  Drone  
  23  2:35  Metabolic Boost  
  23  2:39  Zergling x2  
  24  2:52  Extractor  
  23  3:04  Evolution Chamber  
  22  3:08  Queen  
  24  3:14  Drone  
  25  3:22  Drone  
  25  3:24  Drone  
  27  3:27  Overlord  
  27  3:35  Lair  
  27  3:40  Roach Warren  
  26  3:42  Zergling x2  
  26  3:45  Drone x3  
  30  3:50  Queen  
  32  4:00  Zergling x4  
  32  4:01  Zergling x4  
  36  4:09  Drone x2  
  38  4:16  Zergling x2  
  39  4:21  Drone  
  40  4:26  Pneumatized Carapace  
  40  4:32  Drone x2  
  42  4:41  Zergling x4  
  42  5:27  Zergling x14  
  49  5:34  Drone  
  51  5:35  Drone  
  45  5:56  Extractor  
  44  5:58  Extractor  
  44  5:59  Drone x3  
  46  6:05  Drone  
  46  6:07  Drone x2  
  46  6:11  Drone  
  50  6:19  Spine Crawler  
  50  6:21  Spine Crawler  
  50  6:23  Spine Crawler  
  47  6:34  Spire  
  47  6:36  Zergling x2  
  47  6:37  Zergling x2  
  47  6:39  Roach x2  
  52  6:42  Overlord  
  52  6:45  Hatchery  
  51  6:52  Drone  
  52  6:55  Overlord  
  52  7:02  Glial Reconstitution  
  52  7:08  Roach  
  54  7:09  Roach x3  
  54  7:15  Zerg Missile Weapons Level 1  
  60  7:38  Drone x2  
  60  7:40  Drone x2  
  60  7:41  Drone  
  60  7:43  Queen  
  67  7:48  Overlord  
  67  7:57  Queen x2  
  71  7:59  Overlord  
  71  8:06  Spore Crawler  
  71  8:11  Spore Crawler  
  66  8:25  Zergling x6  
  44  8:39  Zergling x18  
  47  8:50  Zergling x4  
  40  9:07  Zergling x2  
  40  9:08  Zergling x2  
  35  9:10  Roach x2  
  39  9:21  Zergling x2  
  39  9:22  Zergling x4  
  42  9:25  Mutalisk  
  42  9:32  Spine Crawler  
  42  9:34  Spine Crawler  
  40  9:40  Spine Crawler  
  40  9:41  Spine Crawler  
  40  9:44  Spine Crawler  
Show
View Real Time Build Order
Export as new Build Order

SoundSilence Terran - Winner!

Build Orders: Reaper Expand 

Get SALT Encoding   

  12  0:01  SCV  
  13  0:13  SCV  
  14  0:17  Supply Depot  
  14  0:25  SCV  
  15  0:39  SCV  
  15  0:40  Barracks  
  16  0:47  Refinery  
  16  0:55  SCV  
  17  1:09  SCV  
  18  1:27  Orbital Command  
  18  1:29  Reaper  
  19  1:40  Supply Depot  
  19  1:49  Command Center  
  19  1:56  SCV  
  20  2:08  Barracks  
  20  2:11  SCV  
  21  2:19  Factory  
  21  2:24  Barracks Reactor  
  21  2:26  SCV  
  22  2:30  Refinery  
  22  2:48  Engineering Bay  
  22  2:55  SCV  
  22  2:58  Barracks Tech Lab  
  23  3:00  Marine  
  23  3:01  Marine  
  23  3:04  Orbital Command  
  24  3:17  SCV  
  25  3:20  Marine x2  
  25  3:23  Stimpack  
  25  3:25  Factory Reactor  
  27  3:30  Marine  
  28  3:36  SCV x2  
  30  3:44  Supply Depot, Terran Infantry Weapons Level 1  
  30  3:47  Marine  
  31  3:49  Marine  
  31  3:52  SCV x2  
  34  3:55  Marine  
  35  4:04  Marine  
  35  4:06  Marine  
  35  4:07  SCV x2  
  39  4:13  Marine  
  40  4:17  Starport  
  40  4:22  Marine  
  41  4:24  Supply Depot, SCV, Marine  
  41  4:25  SCV  
  44  4:35  Bunker  
  44  4:46  Marine  
  44  4:47  Marine x2  
  47  5:00  Factory Tech Lab  
  47  5:01  SCV  
  47  5:02  Supply Depot x2, SCV  
  44  5:27  Marine x2  
  44  5:28  Marine  
  46  5:48  Medivac x2  
  46  5:49  Marine  
  51  5:50  Marine x2  
  51  5:51  Siege Tank  
  51  5:56  Terran Infantry Armor Level 1  
  56  5:58  Supply Depot  
  56  6:00  Supply Depot  
  56  6:01  SCV x2  
  56  6:04  Command Center  
  58  6:16  Marine  
  58  6:17  Marine x2  
  61  6:32  Medivac x2  
  63  6:34  Combat Shield  
  63  6:36  Marine x3  
  68  6:40  Siege Tank  
  68  6:45  SCV x2  
  73  6:52  Supply Depot  
  73  6:54  Supply Depot  
  73  6:58  SCV x2  
  75  7:27  Marine x2  
  75  7:28  Marine  
  78  7:55  SCV x2  
  78  7:57  Marine  
  78  7:58  Marine x2  
  83  8:04  Engineering Bay  
  83  8:07  Orbital Command  
  83  8:08  Siege Tank  
  77  9:03  Siege Tank, Medivac  
  77  9:04  Marine, Medivac  
  77  9:05  Marauder, Marine  
Tags
 
Add a new tag
Caveats
  • Supply blocks, unpowered buildings, or Contaminate may cause inaccurate times.
  • Supply counts are checked every 10 seconds.